 Dungeon Crawl Stone Soup version 0.29.1-15-g9cfb28693d (webtiles) character file.

Game seed: 7558153050926647664

51 buriedalive the Chiller (level 3, -4/20 (24) HPs)
             Began as a Merfolk Ice Elementalist on Mar 22, 2023.
             Killed by divine providence
             ... invoked by an orc priest
              (15 damage)
             ... on level 3 of the Dungeon.
             The game lasted 00:05:44 (3192 turns).

buriedalive the Chiller (Merfolk Ice Elementalist)  Turns: 3192, Time: 00:05:46

HP:   -4/20 (24)    AC:  5    Str:  8    XL:     3   Next: 81%
MP:   0/6           EV: 13    Int: 16    God:
Gold: 113           SH:  0    Dex: 14    Spells: 5/6 levels left

rFire   . . .      SeeInvis .   e - +0 dagger
rCold   + . .      Faith    .   (no shield)
rNeg    . . .      Spirit   .   a - +1 robe
rPois   .          Reflect  .   (no helmet)
rElec   +          Harm     .   (no cloak)
rCorr   .          Rampage  .   i - +1 pair of gloves "Nevoty Nadd" {rElec rC+ Stlth+}
Will    .....                   (no boots)
Stlth   +++.......              (no amulet)
HPRegen 0.06/turn               (no ring)
MPRegen 0.10/turn               (no ring)

@: heavily drained
A: (nimble swimmer 2), mertail
a: no special abilities


You were on level 3 of the Dungeon.
You visited 1 branch of the dungeon, and saw 3 of its levels.

You collected 113 gold pieces.

Inventory:

Hand Weapons
 e - a +0 dagger (weapon)
Missiles
 g - 4 javelins
 j - 4 poisoned darts
Armour
 a - a +1 robe (worn)
 i - the +1 pair of gloves "Nevoty Nadd" (worn) {rElec rC+ Stlth+}
   (You found it on level 3 of the Dungeon)

   rC:        It protects you from cold.
   rElec:     It insulates you from electricity.
   Stlth:     It makes you more stealthy.
Scrolls
 d - 3 scrolls of teleportation
 f - a scroll of butterflies
 m - a scroll of noise {unknown}
 n - a scroll of enchant weapon {unknown}
Potions
 b - a potion of magic
 h - a potion of brilliance
 k - a potion of might {unknown}
 l - a potion of mutation {unknown}


   Skills:
 + Level 4.2 Dodging
 - Level 2.1 Stealth
 - Level 2.0 Spellcasting
 + Level 5.2 Ice Magic


You had 5 spell levels left.
You knew the following spells:

 Your Spells              Type           Power      Damage    Failure   Level
a - Freeze                Ice            72%        1d9       2%          1

Your spell library contained the following spells:

 Spells                   Type           Power      Damage    Failure   Level
 Frozen Ramparts          Ice            36%        1d6       8%          3
 Ozocubu's Armour         Ice            18%        N/A       8%          3
 Shock                    Conj/Air       4%         1d3       21%         1
 Swiftness                Air            1%         N/A       52%         3
 Hailstorm                Conj/Ice       9%         3d4       56%         4
 Airstrike                Air            0%         2d(1-17)  90%         4


Dungeon Overview and Level Annotations

Branches:
Dungeon (3/15)

Altars:
Vehumet

Shops:
D:1 :   D:2 ?


Innate Abilities, Weirdness & Mutations

((You are very nimble when in or above water. (Stealth+, EV+, Speed+++)))
Your lower body shifts to a powerful aquatic tail in water.


Message History

You freeze the orc wizard!
The orc wizard is heavily wounded.
The orc wizard hits you but does no damage.
You feel drained.
Casting: Freeze (safe; 2% risk of failure)
Confirm with . or Enter, or press ? or * to list all spells.
Aiming: Freeze (safe; 2% risk of failure)
Press: ? - help, Shift-Dir - straight line, f/p - orc wizard
Aim: an orc wizard, wielding a +1 dagger of draining and wearing a +0 robe (heavily wounded)
You freeze the orc wizard.
The orc wizard is severely wounded.
The orc wizard hits you but does no damage.
You feel drained.
The orc priest calls upon Beogh to heal the orc wizard.
The orc wizard is healed somewhat.
Casting: Freeze (safe; 2% risk of failure)
Confirm with . or Enter, or press ? or * to list all spells.
Aiming: Freeze (safe; 2% risk of failure)
Press: ? - help, Shift-Dir - straight line, f/p - orc wizard
Aim: an orc wizard, wielding a +1 dagger of draining and wearing a +0 robe (heavily wounded)
You freeze the orc wizard.
The orc wizard is severely wounded.
The orc wizard points at you and mumbles some strange words.
The magic dart hits you!
You feel much better.
The orc wizard hits you but does no damage.
You feel drained.
The orc priest calls upon Beogh to heal the orc wizard.
The orc wizard is healed somewhat.
You hit the orc wizard.
The orc wizard is heavily wounded.
The orc wizard closely misses you.
You hit the orc wizard.
The orc wizard is heavily wounded.
The orc wizard gestures at you while chanting.
The magic dart hits you!
The orc priest calls down the wrath of Beogh upon you.
Beogh smites you!
Ouch! That really hurt!
You die...

########## #........#
### #........# ##..
#########o.......#......
#......@oo.......#......
#....####o.......#......
#....####........#......
#.......o........#......
.#..o...........##...##
#.......#...........#.
#.......#...........#.
#.......#.............
#.......#........#####


You could see an orc priest, an orc wizard and 2 orcs.

Vanquished Creatures
  2 dart slugs
  An orc (D:3)
  5 bats
  4 endoplasms
  2 giant cockroaches (D:2)
  3 goblins
  3 hobgoblins
  4 jackals (D:1)
  3 quokkas (D:1)
  5 ball pythons
  4 frilled lizards
  3 kobolds
  3 rats (D:1)
42 creatures vanquished.

Vanquished Creatures (others)
  15 plants
15 creatures vanquished.

Grand Total: 57 creatures vanquished

Notes
Turn   | Place    | Note
-------+----------+-------------------------------------------
     0 | D:1      | buriedalive the Merfolk Ice Elementalist began the quest
                  | for the Orb.
     0 | D:1      | Reached XP level 1. HP: 13/13 MP: 3/3
   311 | D:1      | Found a faded altar of an unknown god.
   518 | D:1      | Reached XP level 2. HP: 19/19 MP: 5/5
   739 | D:1      | Found Husepefigg's Book Emporium.
  1519 | D:1      | Reached XP level 3. HP: 24/24 MP: 6/6
  1882 | D:2      | Reached skill level 5 in Ice Magic
  2601 | D:2      | Found Hocif's Magic Scroll Shop.
  2829 | D:3      | Found a radiant altar of Vehumet.
  3027 | D:3      | Identified the +1 pair of gloves "Nevoty Nadd" {rElec rC+
                  | Stlth+}
  3192 | D:3      | Killed from afar by an orc priest

Illustrated notes

Levels and vault maps discovered:
D:1:      lightli_arrival_statuegarden, layout_basic,
          shapermc_ecumenical_altar_ellora, serial_shops, shop_statue
D:2:      layout_loops_ring, serial_shops, shop_fountains
D:3:      layout_basic, vehumet_crystals, nicolae_hexahallways,
          serial_bayou_lagoon_a, uniq_crazy_yiuf_cottage

Skill      XL: |  1  2  3 |
---------------+----------+-----
Dodging        | 3 4 |  4.2
Ice Magic      | 5 |  5.2
Stealth        | |  2.1
Spellcasting   | |  2.0

Action                   || total
-------------------------++-------
Melee: Dagger            ||    76
       Unarmed           ||     1
 Cast: Freeze            ||    43
  Use: Potion            ||     3
       Scroll            ||     5
 Stab: Sleeping          ||     6
Armor: Robe              ||    27
Dodge: Dodged            ||    76
